 Dungeon Crawl Stone Soup version 0.28.0 (webtiles) character file.

Game seed: 10881149247750195907

1843 RighteousDevil the Severer (level 9, -1/70 HPs)
             Began as a Hill Orc Monk on Feb 10, 2022.
             Was a Priest of Beogh.
             Slain by a centaur (2 damage)
             ... on level 6 of the Dungeon.
             The game lasted 00:11:22 (7223 turns).

RighteousDevil the Severer (Hill Orc Monk)          Turns: 7223, Time: 00:11:24

Health: -1/70      AC:  7    Str: 16 (18) XL:     9   Next: 12%
Magic:  9/9        EV: 10    Int: 16      God:    Beogh [***...]
Gold:   334        SH:  0    Dex: 11      Spells: 8/8 levels left

rFire   . . .      SeeInvis .   a - +0 war axe (vamp)
rCold   + . .      Faith    .   (no shield)
rNeg    . . .      Spirit   .   e - +0 scale mail
rPois   .          Reflect  .   (helmet restricted)
rElec   .          Harm     .   m - +0 cloak
rCorr   .          Rampage  .   (no gloves)
Will    .....                   (no boots)
Stlth   ..........              f - amulet of magic regeneration
HPRegen 0.21/turn               k - +6 ring of intelligence
MPRegen 0.51/turn               (no ring)

@: no status effects
A: antennae 1, beak, clumsy 1, cold resistance 1
a: Renounce Religion, Smiting


You were on level 6 of the Dungeon.
You worshipped Beogh.
Beogh was most pleased with you.
You visited 1 branch of the dungeon, and saw 6 of its levels.

You collected 334 gold pieces.

Inventory:

Hand Weapons
 a - a +0 vampiric war axe (weapon)
 b - a +1 whip of electrocution
Armour
 c - a +0 plate armour
 e - a +0 scale mail (worn)
 m - a +0 cloak (worn)
Jewellery
 f - an amulet of magic regeneration (around neck)
 k - a +6 ring of intelligence (left hand)
 q - a ring of magical power
Wands
 d - a wand of polymorph (6)
Scrolls
 h - 3 scrolls of fog
Potions
 r - 2 potions of cancellation


   Skills:
 - Level 3.6 Fighting
 + Level 15.2 Axes
 - Level 2.4 Dodging
 - Level 1.5 Stealth


You had 8 spell levels left.
You didn't know any spells.
Your spell library contained the following spells:

 Spells                   Type           Power      Damage    Failure   Level
 Frozen Ramparts          Ice            0%         1d2       96%         3
 Gell's Gravitas          Tloc           0%         N/A       96%         3
 Teleport Other           Tloc           0%         N/A       96%         3
 Ice Form                 Ice/Tmut       0%         N/A       100%        4
 Summon Ice Beast         Ice/Summ       0%         N/A       100%        4
 Dispersal                Tloc           0%         N/A       100%        6


Dungeon Overview and Level Annotations

Branches:
Dungeon (6/15)
 Temple: D:4-7

Altars:
Ashenzari
Gozag
Hepliaklqana


Innate Abilities, Weirdness & Mutations

You have a pair of small antennae on your head.
You have a beak for a mouth.
You are clumsy. (Dex -2)
Your flesh is cold resistant. (rC+)


Message History

Unknown command.
Unknown command.
You closely miss the ice beast.
The ice beast is almost dead.
You hit the centaur.
You feel better. The centaur completely misses you.
The centaur closely misses you. The ice beast misses you.
The centaur hits you but does no damage.
The centaur kicks you but does no damage.
Unknown command.
Unknown command.
You hit the ice beast but do no damage.
The ice beast is almost dead.
You hit the centaur.
You feel better.
You hit the steam dragon but do no damage.
The ice beast hits you but does no damage.
The centaur closely misses you. The centaur kicks you.
* * * LOW HITPOINT WARNING * * *
Unknown command.
Unknown command.
You hit the ice beast.
The ice beast is almost dead.
You hit the centaur but do no damage.
You hit the steam dragon but do no damage.
The steam dragon bites you.
* * * LOW HITPOINT WARNING * * *
The steam dragon closely misses you.
The centaur hits you but does no damage.
The centaur barely misses you. The ice beast hits you.
* * * LOW HITPOINT WARNING * * *
The ice beast freezes you. You resist.
* * * LOW HITPOINT WARNING * * *
Unknown command.
Unknown command.
You slash the ice beast!
You kill the ice beast!
Beogh accepts your kill.
You completely miss the steam dragon. You barely miss the centaur.
The centaur hits you but does no damage.
The centaur kicks you.
You die...

##...... ._ #....##.
##..... .. #....#.#..
...... #. #.........
......###.###.........
)......#.........#
.................#
.................#
.................#
..#.<......@.....# .
#.#.....D.c......
........§§........
......###..§.....PP
...#.. .....P..P..
###.. ......P..... .
..#....§§P.P§
.....P..§_§..P


You could see a steam dragon and a centaur.

Vanquished Creatures
  Grinder (D:4)
  A water moccasin (D:5)
  An ice beast (D:6)
  3 necrophages (D:4)
  3 ogres (D:5)
  2 phantoms (D:4)
  Blork the orc (D:4)
  2 scorpions
  A water moccasin skeleton (D:6)
  3 hounds
  2 orc priests (D:5)
  2 jellies (D:5)
  3 iguanas (D:5)
  3 orc wizards
  6 gnolls (D:5)
  3 river rats (D:5)
  5 adders
  An adder skeleton (D:4)
  2 worms (D:4)
  2 dart slugs
  16 orcs
  5 ball pythons
  6 endoplasms
  6 giant cockroaches
  31 goblins
  30 hobgoblins
  3 jackals (D:2)
  9 kobolds
  3 quokkas
  5 bats
  2 frilled lizards (D:1)
  6 rats
169 creatures vanquished.

Vanquished Creatures (others)
  An orc priest (D:4)
  An orc wizard (D:4)
  An orc (D:4)
  A goblin (D:4)
  A plant (D:6)
5 creatures vanquished.

Grand Total: 174 creatures vanquished

Notes
Turn   | Place    | Note
-------+----------+-------------------------------------------
     0 | D:1      | RighteousDevil the Hill Orc Monk began the quest for the
                  | Orb.
     0 | D:1      | Reached XP level 1. HP: 19/19 MP: 1/1
   396 | D:1      | Reached XP level 2. HP: 25/26 MP: 2/2
   642 | D:1      | Reached skill level 5 in Axes
  1188 | D:2      | Reached XP level 3. HP: 8/31 MP: 3/3
  1546 | D:2      | Found a faded altar of an unknown god.
  1943 | D:3      | Reached skill level 6 in Axes
  2561 | D:3      | Reached XP level 4. HP: 37/39 MP: 4/4
  3085 | D:4      | Noticed a necrophage
  3096 | D:4      | Killed a necrophage
  3097 | D:4      | Reached skill level 7 in Axes
  3097 | D:4      | Reached XP level 5. HP: 32/45 MP: 5/5
  3229 | D:4      | Noticed Blork the orc
  3244 | D:4      | Killed Blork the orc
  3245 | D:4      | Reached skill level 8 in Axes
  3245 | D:4      | Reached XP level 6. HP: 24/51 MP: 6/6
  3311 | D:4      | Reached skill level 9 in Axes
  3763 | D:4      | Noticed a necrophage
  3786 | D:4      | Killed a necrophage
  3814 | D:4      | Reached skill level 10 in Axes
  3814 | D:4      | Reached XP level 7. HP: 57/57 MP: 7/7
  3842 | D:4      | Noticed Grinder
  3857 | D:4      | Killed Grinder
  3858 | D:4      | Reached skill level 11 in Axes
  3903 | D:4      | Became a worshipper of Beogh the Brigand
  3903 | D:4      | Reached * piety under Beogh
  3903 | D:4      | Reached ** piety under Beogh
  4260 | D:4      | Gained mutation: You are clumsy. (Dex -2) [potion of
                  | mutation]
  4260 | D:4      | Gained mutation: You have a pair of small antennae on your
                  | head. [potion of mutation]
  4260 | D:4      | Gained mutation: You have a beak for a mouth. [potion of
                  | mutation]
  4260 | D:4      | Gained mutation: Your flesh is cold resistant. (rC+)
                  | [potion of mutation]
  4459 | D:4      | Reached skill level 12 in Axes
  4459 | D:4      | Reached XP level 8. HP: 60/64 MP: 8/8
  4896 | D:5      | Entered Level 5 of the Dungeon
  5646 | D:5      | Reached skill level 13 in Axes
  6137 | D:5      | Reached skill level 14 in Axes
  6387 | D:5      | Reached *** piety under Beogh
  6511 | D:5      | Reached XP level 9. HP: 61/70 MP: 9/9
  6878 | D:5      | Reached skill level 15 in Axes
  7174 | D:6      | Found an opulent altar of Gozag.
  7210 | D:6      | Found a broken altar of Ashenzari.
  7213 | D:6      | Found a hazy altar of Hepliaklqana.
  7222 | D:6      | HP: 3/70 [ice beast (2)]
  7222 | D:6      | HP: 1/70 [ice beast (2)]
  7223 | D:6      | Slain by a centaur

Illustrated notes

Levels and vault maps discovered:
D:1:      lightli_molten_gateway, layout_loops_cross
D:2:      layout_rooms, ebering_ecumenical_altar_hall, minmay_pentomino_r2
D:3:      kennysheep_six_static_rooms, layout_basic
D:4:      layout_basic, serial_corexii_hall, corexii_hall_statues_x,
          chequers_hall_statues_wall_a, chequers_hall_statues_y,
          corexii_hall_statues_x, chequers_hall_statues_y,
          corexii_hall_statues_l, chequers_mini_garden, bh_walls_and_bars,
          uniq_blork_the_orc, uniq_grinder
D:5:      minmay_goblin_kobold_castle, layout_loops_cross, portal_sewer_entry_e,
          grunt_ministairs_15
D:6:      minmay_cornered_nines, layout_cave_pools,
          mainiacjoe_overflow_alcove_2, grunt_gozag_statues,
          nicolae_hepliaklqana_hazy_memory, serial_column_ruins,
          column_ruins_corridor_T, column_ruins_open_tiny,
          column_ruins_open_tiny, column_ruins_columns_water,
          column_ruins_corridor_straight, column_ruins_columns_dead_end,
          mumra_transporter_accident

Skill      XL: |  1  2  3  4  5  6  7  8  9 |
---------------+----------------------------+-----
Axes           | 5 6 7 8 10 12 14 15 | 15.2
Fighting       | |  3.6
Dodging        | |  2.4
Stealth        | |  1.5

Action                   |  1- 3 |  4- 6 |  7- 9 || total
-------------------------+-------+-------+-------++-------
Melee: Hand axe          |   130 |    47 |       ||   177
       Punch             |     3 |     2 |     4 ||     9
       War axe           |       |    63 |   249 ||   312
       Peck              |       |       |    35 ||    35
       Whip              |       |       |    51 ||    51
Invok: Convert to Beogh  |       |       |     1 ||     1
Evoke: Wand              |       |       |     2 ||     2
  Use: Scroll            |     4 |     2 |     5 ||    11
       Potion            |     1 |     3 |     7 ||    11
 Stab: Sleeping          |     5 |       |       ||     5
       Invisible         |       |       |     4 ||     4
Armor: Robe              |    25 |       |       ||    25
       Scale mail        |     4 |    49 |   114 ||   167
       Ring mail         |     3 |       |       ||     3
Dodge: Dodged            |    87 |    37 |   125 ||   249
